Map: Rhoskallian LE

Players

llllllllllll

  • Race: Protoss Protoss
  • Spawn Location: 11:00

BoyNextDoor

  • Race: Zerg Zerg
  • League: Diamond
  • Spawn Location: 12:00

Massa

  • Race: Terran Terran
  • League: Platinum
  • Spawn Location: 5:00

qqq

  • Race: Protoss Protoss
  • League: Platinum
  • Spawn Location: 6:00

VOD

Have the link to the VOD?

Description

Time

  • Played on: Jan. 6, 2021, 6:13 a.m.
  • Length: 15:24
Show
View Real Time Build Order
Export as new Build Order

llllllllllll Protoss 

Build Orders:  

Get SALT Encoding   

  12  0:01  Probe  
  13  0:13  Probe  
  14  0:18  Pylon  
  14  0:25  Probe  
  15  0:38  Probe (Chrono Boost), Gateway  
  16  0:44  Assimilator  
  17  0:50  Probe (Chrono Boost)  
  17  0:58  Probe (Chrono Boost)  
  18  1:04  Probe  
  18  1:09  Assimilator  
  19  1:18  Probe  
  20  1:28  Cybernetics Core  
  20  1:39  Probe  
  21  1:51  Probe  
  20  2:02  Stalker (Chrono Boost)  
  22  2:09  Probe  
  23  2:15  Shield Battery  
  23  2:25  Probe  
  23  2:42  Robotics Facility  
  23  2:43  Pylon  
  23  2:55  Shield Battery  
  23  3:01  Probe, Pylon, Stalker  
  23  3:02  Warp Gate  
  26  3:21  Shield Battery  
  26  3:26  Immortal (Chrono Boost)  
  30  3:56  Probe  
  30  3:59  Warp Prism  
  33  4:04  Gateway x2  
  33  4:08  Probe  
  34  4:14  Gateway  
  34  4:32  Pylon  
  34  4:55  Probe  
  35  5:09  Stalker x3  
  35  5:12  Probe  
  42  5:24  Probe, Stalker  
  45  5:29  Nexus  
  45  5:36  Probe  
  45  5:40  Observer (Chrono Boost)  
  47  5:51  Pylon  
  47  6:11  Stalker x4  
  47  6:13  Twilight Council  
  45  6:42  Probe x2  
  48  6:54  Probe x2 (Chrono Boost)  
  48  6:56  Blink (Chrono Boost)  
  49  7:06  Probe x2 (Chrono Boost)  
  51  7:15  Probe x2 (Chrono Boost)  
  53  7:17  Stalker  
  53  7:20  Probe x2  
  57  7:32  Probe x2  
  57  7:34  Assimilator  
  59  7:38  Assimilator  
  59  7:44  Probe  
  60  7:53  Stalker x2  
  62  8:04  Probe x2  
  64  8:08  Pylon  
  64  8:16  Probe  
  65  8:22  Nexus  
  65  8:46  Probe x2  
  67  8:52  Pylon  
  67  8:54  Shield Battery  
  67  8:58  Probe  
  67  9:00  Gateway  
  67  9:01  Charge (Chrono Boost)  
  67  9:02  Gateway  
  68  9:03  Gateway  
  68  9:04  Gateway  
  68  9:08  Forge  
  68  9:11  Forge  
  66  9:24  Probe x2  
  66  9:25  Immortal  
  72  9:36  Probe x2  
  66  9:42  Protoss Ground Armor Level 1 (Chrono Boost)  
  66  9:43  Probe, Protoss Ground Weapons Level 1 (Chrono Boost)  
  67  9:48  Probe  
  67  9:49  Probe  
  67  9:52  Stalker x3  
  75  9:55  Probe  
  75  9:57  Photon Cannon  
  76  10:00  Pylon  
  76  10:05  Probe x2, Immortal  
  82  10:16  Probe  
  82  10:17  Probe x2, Photon Cannon  
  82  10:20  Shield Battery  
  85  10:22  Shield Battery, Assimilator  
  85  10:26  Photon Cannon, Assimilator  
  85  10:32  Photon Cannon  
  85  10:35  Shield Battery  
  85  10:40  Probe x3  
  88  10:52  Templar Archives  
  81  11:32  Probe x3  
  82  11:34  Zealot x8  
  82  11:37  Pylon  
  94  11:53  Nexus  
  92  11:55  Pylon  
  92  11:56  Protoss Ground Weapons Level 2 (Chrono Boost), Protoss Ground Armor Level 2 (Chrono Boost)  
  92  12:00  High Templar x8  
  106  12:04  Archon x4  
  106  12:05  Photon Cannon  
  106  12:06  Shield Battery  
  106  12:17  Immortal  
  110  12:23  Probe x2, Photon Cannon  
  110  12:25  Shield Battery  
  112  12:36  Gateway, Stalker x6  
  124  12:37  Gateway  
  100  13:15  High Templar x2  
  100  13:16  High Templar x6, Warp Prism (Chrono Boost)  
  118  13:24  Archon x3  
  118  13:25  Archon  
  118  13:29  Probe x2  
  118  13:30  Probe x2  
  122  13:38  Stalker x2  
  126  13:41  Probe  
  107  14:11  Immortal (Chrono Boost)  
  107  14:19  Stalker x5  
  107  14:20  Stalker x5  
  119  14:33  Probe x2  
  119  14:34  Probe  
  119  14:36  Assimilator  
  118  14:39  Assimilator  
  114  14:48  Nexus  
  114  14:49  Observer, Pylon  
  114  14:51  Pylon  
  101  15:12  Photon Cannon  
  99  15:14  Photon Cannon  
  99  15:17  Shield Battery  
  99  15:20  Shield Battery  
  99  15:21  Stalker x4  
  99  15:22  Photon Cannon, Stalker x6  
Show
View Real Time Build Order
Export as new Build Order

BoyNextDoor Zerg 

Build Orders: Hatch First 

Get SALT Encoding   

  12  0:00  Drone  
  13  0:09  Drone  
  14  0:18  Overlord  
  14  0:36  Drone x2  
  16  0:54  Drone  
  17  0:58  Hatchery  
  17  1:01  Extractor, Drone x2  
  17  1:18  Drone  
  18  1:21  Spawning Pool  
  17  1:55  Drone x2  
  19  2:09  Roach Warren  
  19  2:10  Drone  
  19  2:14  Queen  
  19  2:15  Drone  
  22  2:18  Drone  
  23  2:24  Drone  
  23  2:29  Spine Crawler  
  23  2:37  Spine Crawler  
  22  2:46  Drone  
  22  2:50  Roach x2  
  27  2:54  Overlord  
  27  3:16  Drone x2  
  27  3:17  Drone  
  28  3:22  Queen  
  32  3:27  Ravager, Roach  
  32  3:28  Ravager  
  34  3:40  Drone x2  
  36  3:52  Overlord  
  36  4:05  Metabolic Boost  
  36  4:14  Spine Crawler  
  36  4:17  Drone x3  
  39  4:27  Drone x3  
  42  4:34  Drone  
  43  4:39  Ravager  
  43  4:42  Overlord  
  44  4:57  Overlord  
  44  5:00  Extractor, Queen  
  44  5:03  Extractor  
  44  5:05  Hatchery  
  40  5:10  Drone  
  40  5:11  Drone x5  
  46  5:16  Drone, Hatchery  
  46  5:30  Drone x3  
  46  5:31  Drone  
  47  5:37  Spore Crawler  
  47  5:38  Spore Crawler  
  47  5:41  Spore Crawler  
  42  5:44  Spore Crawler  
  42  5:45  Spore Crawler  
  42  5:49  Spore Crawler  
  38  5:52  Drone  
  38  5:53  Drone  
  38  5:54  Spore Crawler  
  40  5:58  Spore Crawler  
  40  6:02  Drone x6  
  46  6:12  Spawning Pool  
  45  6:27  Roach  
  48  6:40  Drone x8  
  48  6:41  Drone x4  
  59  7:00  Drone  
  59  7:01  Drone x2  
  56  7:42  Spore Crawler  
  55  7:47  Queen  
  55  7:48  Queen  
  55  7:50  Queen x2  
  63  7:52  Spore Crawler  
  63  7:53  Spore Crawler  
  63  7:54  Roach  
  63  7:55  Spore Crawler, Roach x5  
  63  7:56  Overlord x6  
  72  8:10  Spine Crawler  
  72  8:11  Drone  
  72  8:12  Spore Crawler  
  71  8:13  Spine Crawler  
  71  8:14  Spine Crawler  
  71  8:17  Ravager x2  
  71  8:19  Drone x2  
  73  8:20  Drone x5  
  73  8:21  Drone x2  
  73  8:24  Lair  
  80  8:31  Drone x4, Extractor  
  83  8:36  Queen  
  83  8:39  Extractor  
  85  8:41  Ravager x3  
  85  8:42  Ravager x2  
  85  8:47  Drone  
  85  8:48  Drone  
  91  8:49  Drone x3  
  94  9:06  Drone  
  94  9:07  Drone x2, Extractor  
  94  9:08  Drone x3  
  100  9:10  Zergling x20  
  109  9:24  Hatchery  
  108  9:35  Glial Reconstitution  
  108  9:38  Drone, Infestation Pit  
  109  9:39  Roach  
  109  9:40  Roach x5  
  109  9:41  Overlord x3  
  119  9:58  Pneumatized Carapace  
  119  10:02  Overseer x5  
  119  10:05  Burrow  
  112  10:31  Drone  
  111  10:37  Pathogen Glands  
  111  10:38  Hive  
  111  10:44  Drone x2  
  111  10:46  Drone x6, Evolution Chamber  
  111  10:47  Drone x8, Evolution Chamber  
  125  10:53  Drone, Tunneling Claws, Baneling Nest  
  125  10:54  Infestor x3  
  125  10:55  Infestor x3  
  137  10:57  Roach  
  137  10:58  Roach  
  137  11:01  Ravager  
  137  11:02  Overlord  
  137  11:03  Overlord x4  
  142  11:19  Spore Crawler  
  142  11:20  Spine Crawler  
  142  11:21  Spine Crawler x2  
  142  11:24  Spine Crawler  
  142  11:25  Drone, Spine Crawler x2  
  137  11:26  Drone x7  
  137  11:27  Spine Crawler  
  137  11:28  Spine Crawler  
  137  11:29  Zergling x2  
  137  11:30  Zergling x12  
  137  11:31  Overlord  
  148  11:45  Roach  
  148  11:46  Ravager x2, Roach x3  
  159  11:47  Ravager x5  
  159  11:49  Drone x5  
  159  11:50  Drone  
  159  11:52  Extractor  
  168  11:54  Extractor  
  168  11:59  Baneling x4  
  168  12:00  Baneling x2  
  167  12:01  Baneling  
  167  12:02  Baneling x5  
  142  12:33  Zergling x2, Roach x6  
  142  12:34  Zergling x28  
  142  12:35  Infestor x5, Zergling x2  
  180  12:37  Ravager  
  181  12:50  Drone  
  182  12:56  Hatchery  
  181  13:00  Adrenal Glands  
  181  13:02  Zerg Ground Armor Level 1  
  181  13:03  Zerg Missile Weapons Level 1  
  181  13:08  Centrifical Hooks  
  181  13:11  Drone x7  
  181  13:12  Drone x2, Overlord  
  190  13:13  Overlord x3  
  150  14:27  Roach  
  150  14:28  Zergling x2, Roach x6  
  150  14:29  Zergling x36  
Show
View Real Time Build Order
Export as new Build Order

Massa Terran 

Build Orders:  

Get SALT Encoding   

  12  0:00  SCV  
  13  0:13  SCV  
  14  0:24  Supply Depot  
  14  0:25  SCV  
  15  0:42  Refinery  
  15  0:45  SCV  
  15  0:47  Barracks  
  16  0:57  Refinery, SCV  
  17  1:10  SCV  
  18  1:22  SCV  
  19  1:34  SCV  
  20  1:41  Factory  
  21  1:50  Orbital Command  
  20  2:13  Supply Depot  
  20  2:28  Command Center  
  20  2:46  Starport  
  20  2:53  SCV  
  20  2:57  Supply Depot  
  21  2:59  Marine  
  22  3:05  SCV  
  22  3:11  Widow Mine  
  25  3:17  SCV  
  26  3:21  Engineering Bay  
  26  3:26  Barracks Tech Lab  
  26  3:35  Starport  
  26  3:37  Starport Tech Lab  
  26  3:41  SCV  
  27  3:49  Orbital Command  
  27  3:51  Missile Turret  
  27  3:58  Banshee  
  30  4:04  Cloaking Field  
  30  4:15  Starport Tech Lab  
  30  4:17  SCV  
  30  4:18  SCV, Factory Tech Lab  
  32  4:29  SCV  
  32  4:30  SCV  
  34  4:33  Banshee  
  37  4:41  Siege Tank  
  37  4:42  SCV x2  
  42  4:47  Stimpack  
  42  4:52  Barracks  
  42  4:54  SCV  
  42  4:56  Barracks  
  41  5:09  Marauder  
  41  5:13  Banshee, Siege Tank  
  49  5:31  Marauder  
  51  5:39  Marine  
  52  5:52  Marauder  
  54  6:15  Marine x3  
  54  6:26  Supply Depot  
  54  6:27  Supply Depot  
  54  6:30  Banshee  
  54  6:33  Marine  
  54  6:34  Marauder, Marine  
  53  6:51  Marine  
  53  6:52  SCV, Marine, Supply Depot  
  53  6:53  SCV, Supply Depot  
  57  6:55  Marauder  
  59  7:02  Banshee  
  62  7:13  Marine x2, Terran Infantry Weapons Level 1  
  62  7:14  SCV x2  
  66  7:20  Siege Tank  
  69  7:26  SCV  
  69  7:31  Marine  
  70  7:40  Marine  
  68  7:58  Siege Tank  
  65  8:15  Marine x2  
  65  8:19  Barracks Tech Lab  
  64  8:21  SCV x2  
  66  8:29  Banshee  
  66  8:33  Marine  
  70  8:35  SCV x2  
  70  8:55  Combat Shield  
  70  9:02  Supply Depot  
  70  9:04  Supply Depot x2  
  70  9:05  Armory, Supply Depot  
  70  9:07  Supply Depot  
  70  9:11  Engineering Bay  
  70  9:23  Banshee, Marine x3  
  76  9:25  Banshee  
  76  9:26  Command Center  
  76  9:28  Supply Depot  
  76  9:29  Refinery  
  76  9:30  Supply Depot x2  
  76  9:31  Refinery  
  79  9:41  Marine x2  
  79  9:45  Barracks Reactor  
  78  9:50  Terran Infantry Armor Level 1  
  78  10:01  SCV  
  78  10:02  SCV  
  78  10:03  Barracks Reactor  
  83  10:13  SCV  
  83  10:14  SCV  
  76  10:26  SCV x2  
  78  10:37  Supply Depot  
  78  10:38  SCV x2  
  78  10:39  Concussive Shells  
  78  10:41  Marauder, Marine x4  
  78  10:42  Planetary Fortress  
  86  10:50  SCV x2, Missile Turret  
  88  10:59  Marine  
  88  11:02  SCV x2, Marauder  
  93  11:06  Supply Depot  
  87  11:12  Missile Turret  
  86  11:24  Marauder  
  86  12:02  Marauder, Marine  
  86  12:07  SCV  
  86  12:08  SCV x2  
  92  12:15  Marine x3  
  77  12:19  Siege Tank  
  77  12:20  SCV x3, Marine  
  77  12:21  Medivac x2  
  83  12:24  Marauder  
  85  12:32  SCV  
  85  12:33  Marine x3  
  85  12:34  Ghost Academy  
  89  12:37  Terran Infantry Armor Level 2, Terran Infantry Weapons Level 2  
  89  12:38  Marine  
  89  12:39  Terran Vehicle Weapons Level 1  
  90  12:45  Marauder  
  90  12:50  Marine  
  90  12:51  Marine x2, Medivac x2  
  97  12:56  Marine  
  96  13:02  Barracks  
  91  13:06  Barracks, Marauder  
  91  13:08  Marine  
  91  13:09  Barracks, Marine  
  91  13:10  Barracks  
  94  13:23  Refinery x2  
  94  13:24  SCV x3  
  94  13:25  Command Center  
  101  13:28  Marauder  
  101  13:31  Starport Tech Lab  
  99  13:35  Enhanced Shockwaves  
  99  13:36  SCV x3  
  99  13:37  Marine  
  99  13:38  Starport Reactor, Marine x3  
  107  13:48  SCV, Ghost  
  107  13:54  Marine  
  107  13:55  Marine x2  
  97  13:56  Marine x3  
  76  14:11  Siege Tank  
  76  14:12  Marine x2  
  76  14:13  Marine x4, Liberator  
  74  14:17  Ghost  
  68  14:31  Marine  
  64  14:32  Marine  
  64  14:33  Marine x2  
  59  14:49  Marine  
  59  14:50  Marine x3  
  44  15:05  Marine  
  42  15:14  Barracks  
  32  15:15  Barracks x2  
  32  15:16  Barracks  
  32  15:18  Barracks  
  32  15:19  Barracks  
Show
View Real Time Build Order
Export as new Build Order

qqq Protoss 

Build Orders:  

Get SALT Encoding   

  12  0:00  Probe  
  13  0:16  Pylon  
  13  0:20  Probe  
  14  0:35  Forge  
  14  0:38  Probe  
  15  0:50  Probe  
  16  1:00  Pylon  
  16  1:04  Probe  
  16  1:11  Pylon  
  17  1:22  Photon Cannon  
  17  1:26  Pylon  
  17  1:40  Photon Cannon  
  16  1:49  Probe  
  17  2:01  Probe  
  17  2:03  Photon Cannon  
  17  2:07  Pylon  
  18  2:11  Pylon  
  18  2:22  Pylon  
  18  2:27  Photon Cannon  
  18  2:37  Photon Cannon  
  17  3:00  Pylon  
  17  3:04  Photon Cannon  
  17  3:06  Pylon  
  17  3:19  Photon Cannon  
  17  3:30  Gateway  
  17  3:32  Assimilator  
  17  3:33  Probe  
  18  3:37  Assimilator  
  18  3:45  Probe  
  19  3:57  Probe (Chrono Boost)  
  20  4:09  Probe (Chrono Boost)  
  21  4:14  Nexus  
  21  4:17  Probe (Chrono Boost)  
  21  4:22  Cybernetics Core  
  22  4:27  Probe  
  23  4:43  Probe  
  23  4:45  Photon Cannon  
  24  4:50  Pylon  
  24  4:59  Probe  
  25  5:09  Stargate  
  25  5:12  Probe  
  28  5:35  Assimilator  
  26  5:41  Assimilator  
  26  5:47  Gateway  
  26  5:58  Photon Cannon  
  26  6:03  Pylon  
  26  6:14  Probe  
  27  6:26  Probe  
  28  6:35  Cybernetics Core  
  28  6:36  Zealot (Chrono Boost)  
  28  6:38  Probe, Gateway  
  31  6:59  Zealot (Chrono Boost)  
  30  7:18  Zealot (Chrono Boost)  
  33  7:30  Stalker (Chrono Boost)  
  33  7:37  Stalker  
  35  8:04  Nexus  
  35  8:05  Stargate  
  35  8:07  Stalker  
  37  8:23  Stargate  
  37  8:26  Probe  
  37  8:36  Pylon  
  37  8:38  Probe  
  38  8:50  Probe  
  38  8:54  Phoenix  
  41  8:57  Pylon  
  41  9:03  Probe  
  42  9:15  Probe  
  43  9:19  Phoenix  
  45  9:25  Phoenix  
  45  9:27  Probe  
  46  9:39  Probe x2  
  46  9:44  Phoenix  
  50  9:51  Probe x2  
  52  10:03  Probe  
  52  10:04  Probe  
  52  10:05  Nexus  
  54  10:09  Fleet Beacon  
  54  10:13  Assimilator  
  54  10:14  Void Ray  
  56  10:33  Pylon  
  54  10:37  Void Ray, Pylon  
  54  10:45  Adept  
  62  10:50  Zealot  
  62  10:55  Photon Cannon  
  62  11:01  Carrier  
  60  11:33  Carrier  
  66  11:40  Photon Cannon  
  66  11:41  Nexus  
  66  11:45  Pylon  
  66  12:05  Carrier  
  70  12:21  Protoss Air Weapons Level 1  
  64  12:37  Carrier  
  64  12:40  Photon Cannon  
  64  12:43  Shield Battery  
  70  12:46  Photon Cannon  
  70  12:47  Pylon  
  59  13:09  Tempest  
  64  13:15  Probe  
  64  13:17  Probe  
  66  13:23  Pylon  
  66  13:27  Probe (Chrono Boost), Photon Cannon  
  66  13:30  Photon Cannon  
  66  13:32  Assimilator  
  68  13:34  Probe (Chrono Boost)  
  68  13:37  Probe (Chrono Boost), Assimilator  
  68  13:40  Zealot  
  68  13:41  Tempest  
  72  13:42  Probe x2 (Chrono Boost)  
  78  13:53  Probe x2  
  74  14:05  Probe x2  
  76  14:10  Tempest  
  81  14:24  Tempest (Chrono Boost)  
Tags
 
Add a new tag
Caveats
  • Supply blocks, unpowered buildings, or Contaminate may cause inaccurate times.
  • Supply counts are checked every 10 seconds.